 Dungeon Crawl Stone Soup version 0.31-a0-700-gf13585253f (webtiles) character file.

Game seed: 16694429443107068871

39 subawu the Trooper (level 3, 0/29 HPs)
             Began as a Demonspawn Chaos Knight on Sept 7, 2023.
             Was a Plaything of Xom.
             Slain by a goblin
             ... wielding a +0 club
             ... led by Robin
              (3 damage)
             ... on level 2 of the Dungeon.
             The game lasted 00:04:05 (1438 turns).

subawu the Trooper (Demonspawn Chaos Knight)        Turns: 1438, Time: 00:04:06

Health: 0/29       AC:  7    Str: 14    XL:     3   Next: 28%
Magic:  3/3        EV: 10    Int: 13    God:    Xom [....*.]
Gold:   154        SH:  0    Dex: 12    Spells: 2/2 levels left

rFire   . . .        a - +0 mace (chaos)
rCold   . . .        (no shield)
rNeg    . . .        h - +0 ring mail
rPois   .            (helmet restricted)
rElec   .            (no cloak)
rCorr   .            (no gloves)
SInv    .            (no boots)
Will    .....        (no amulet)
Stlth   +            (no ring)
HPRegen 0.24/turn    (no ring)
MPRegen 0.08/turn

%: no passive effects
@: no status effects
A: antennae 1, thin metallic scales 1
a: Renounce Religion


You were on level 2 of the Dungeon.
You worshipped Xom.
You were a beloved toy of Xom.
You visited 1 branch of the dungeon, and saw 2 of its levels.

You collected 154 gold pieces.

Inventory:

Hand Weapons
 a - a +0 mace of chaos (weapon)
Missiles
 d - 6 atropa-tipped darts (quivered)
 j - 2 throwing nets
 k - 8 stones
 l - 5 poisoned darts
Armour
 b - a +2 leather armour
 h - a +0 ring mail (worn)
Scrolls
 c - a scroll of butterflies
 e - a scroll of teleportation {unknown}
 g - a scroll of revelation {unknown}
 m - 4 scrolls of identify {unknown}
Potions
 f - a potion of resistance {unknown}
 i - 2 potions of heal wounds {unknown}


   Skills:
 + Level 3.4 Fighting
 + Level 3.2 Maces & Flails
 + Level 2.2 Armour
 + Level 1.1 Dodging
 + Level 0.1 Stealth


You had 2 spell levels left.
You didn't know any spells.
Your spell library contained the following spells:

 Spells                   Type           Power      Damage    Failure   Level
 Summon Small Mammal      Summ           0%         N/A       52%         1
 Call Canine Familiar     Summ           0%         N/A       88%         3
 Summon Guardian Golem    Hex/Summ       0%         N/A       88%         3


Dungeon Overview and Level Annotations

Branches:
Dungeon (2/15)

Altars:

Shops:
D:2 :

Annotations:
D:2 Robin


Innate Abilities, Weirdness & Mutations

You have a pair of small antennae on your head.
You are partially covered in thin metallic scales. (AC +2)


Message History

The goblin shoots a sling bullet.
The sling bullet barely misses you.
The goblin shoots a sling bullet.
The sling bullet misses you.
The goblin shoots a sling bullet.
The sling bullet misses you.
The goblin shoots a sling bullet.
The sling bullet closely misses you.
You see here 13 gold pieces.
The goblin shoots a sling bullet.
The sling bullet barely misses you.
You see here 8 gold pieces.
There are monsters nearby!
The goblin shoots a sling bullet.
The sling bullet hits you.
The goblin shoots a sling bullet.
The sling bullet closely misses you.
The goblin unwields a +0 sling.
The goblin wields a +0 club.
The goblin hits you with a +0 club. The goblin hits you but does no damage.
You hit the goblin.
The goblin suddenly seems more agile.
Xom thinks this is hilarious!
The goblin is heavily wounded.
The goblin barely misses you. The goblin hits you with a +0 club.
You completely miss the goblin.
The goblin is heavily wounded.
The goblin hits you but does no damage. The goblin barely misses you.
The goblin closely misses you. The hobgoblin completely misses you.
The goblin barely misses you. The goblin hits you but does no damage.
You closely miss the goblin.
The goblin is heavily wounded.
The goblin barely misses you. The hobgoblin hits you.
* * * LOW HITPOINT WARNING * * *
The goblin hits you but does no damage.
The goblin unwields a +0 sling.
The goblin wields a +0 dagger.
The goblin hits you with a +0 dagger.
* * * LOW HITPOINT WARNING * * *
The goblin barely misses you. x2
You thump the goblin! You burn the goblin.
You kill the goblin!
The goblin barely misses you.
The hobgoblin hits you but does no damage.
The goblin barely misses you. x2; The goblin misses you.
The hobgoblin hits you but does no damage.
The goblin hits you but does no damage.
You barely miss the goblin. The goblin hits you with a +0 club.
* * * LOW HITPOINT WARNING * * *
The goblin hits you with a +0 club.
You die...

#....# #....# #####
.....# #...# #....#
#...# #....# #...#
#....# #...# #....#
###$$.# ....##
#.....# ....# #g@g..#
....###########g)g..#
....##.. ...........#
....##.#######.....##
....##.#....)#.....#
................>..#
#######......#.....#
##.#####.....#
#.....).#.###


You could see a hobgoblin and 3 goblins.

Vanquished Creatures
  3 ball pythons (D:1)
  2 endoplasms
  4 giant cockroaches (D:1)
  4 hobgoblins
  5 jackals
  5 frilled lizards
  7 goblins
  3 kobolds
  A rat (D:1)
34 creatures vanquished.

Notes
Turn   | Place    | Note
-------+----------+-------------------------------------------
     0 | D:1      | subawu the Demonspawn Chaos Knight began the quest for the
                  | Orb.
     0 | D:1      | Reached XP level 1. HP: 18/18 MP: 1/1
    52 | D:1      | XOM: smoke on damage
    81 | D:1      | XOM: silly message
   130 | D:1      | Gained mutation: You have a pair of small antennae on your
                  | head. [demonic ancestry]
   130 | D:1      | Reached XP level 2. HP: 20/24 MP: 2/2
   414 | D:1      | Reached skill level 1 in Dodging
   429 | D:1      | XOM: 6-stop teleportation journey
   519 | D:1      | XOM: cloud trail
   953 | D:1      | XOM: cloud trail
  1233 | D:2      | Gained mutation: You are partially covered in thin metallic
                  | scales. (AC +2) [demonic ancestry]
  1233 | D:2      | Reached XP level 3. HP: 28/29 MP: 3/3
  1255 | D:2      | Found Kuithrala's Book Boutique.
  1391 | D:2      | Noticed Robin
  1399 | D:2      | XOM: enchant monster (bad)
  1400 | D:2      | XOM: snakes to sticks
  1438 | D:2      | Slain by a goblin

Illustrated notes

Levels and vault maps discovered:
D:1:      heliophobic_arrival_glass_houses, layout_basic, minmay_pentomino_s2
D:2:      layout_basic, serial_shops, shop, minmay_misc_feat_x,
          uniq_crazy_yiuf_cottage, uniq_robin

Skill      XL: |  1  2 |
---------------+-------+-----
Maces & Flails | 3 |  3.2
Dodging        | 1 |  1.1
Armour         | 2 |  2.2
Fighting       | |  3.4
Stealth        | |  0.1

Action                     || total
---------------------------++-------
  Melee: Mace              ||   102
  Throw: Dart              ||     1
 Armour: Leather armour    ||    36
         Ring mail         ||   106
  Dodge: Dodged            ||   134

Table legend: (Time is in decaauts)
 A = Elapsed time spent in this place.
 B = Non-inter-level travel time spent in this place.
 C = Inter-level travel time spent in this place.
 D = Time resting spent in this place.
 E = Time spent auto-exploring this place.
 F = Levels seen in this place.
 G = Mean time per level.
                   A        B        C        D        E       F      G
               +--------+--------+--------+--------+--------+-----+--------+
         Total |   1462 |   1452 |     10 |    234 |    738 |   2 |  731.0 |
       Dungeon |   1462 |   1452 |     10 |    234 |    738 |   2 |  731.0 |
               +--------+--------+--------+--------+--------+-----+--------+

Top non-repeatable levels by time:
     D:1: 1227 daAuts
     D:2: 235 daAuts
